 Dungeon Crawl Stone Soup version 0.30-a0-585-g93115170b9 (webtiles) character file.

Game seed: 7391081340330631689

851 tilp the Ducker (level 8, 0/67 HPs)
             Began as a Meteoran Fighter on Jan 2, 2023.
             Was an Initiate of Okawaru.
             Slain by Pikel
             ... wielding a +2 whip of electrocution
              (10 damage)
             ... on level 6 of the Dungeon.
             The game lasted 00:08:14 (1682 turns).

tilp the Ducker (Meteoran Fighter)                  Turns: 1682, Time: 00:08:14

Health: 0/67       AC: 10    Str: 18    XL:     8   Next: 45%
Magic:  9/9        EV:  9    Int:  9    God:    Okawaru [......]
Gold:   247        SH:  5    Dex: 16    Spells: 7/7 levels left

rFire   . . .      SeeInvis .    a - +0 long sword
rCold   . . .      Faith    .    c - +0 buckler
rNeg    . . .      Spirit   .    r - +0 chain mail
rPois   .          Reflect  .    q - +0 helmet
rElec   .          Harm     .    (no cloak)
rCorr   .          Rampage  .    (no gloves)
Will    +....                    (no boots) Stlth
                                 u - amulet of regeneration
HPRegen 1.11/turn                (no ring)
MPRegen 0.11/turn                (no ring)

@: glowing
A: sense surroundings 1, otherworldly, glowing, explore regen
a: Renounce Religion


You were on level 6 of the Dungeon.
You worshipped Okawaru.
Okawaru was noncommittal.
You visited 2 branches of the dungeon, and saw 8 of its levels.

You collected 247 gold pieces.

Inventory:

Hand Weapons
 a - a +0 long sword (weapon)
 b - a +2 dagger of venom
Missiles
 i - a throwing net {!f}
 n - 6 boomerangs (quivered)
 w - 2 poisoned darts
Armour
 c - a +0 buckler (worn)
 j - a +0 plate armour
 m - the -2 pair of boots "Fust" {Fly Str+2 Slay+2}
   (You found it on level 2 of the Dungeon)

   Str:       It affects your strength (+2).
   Slay:      It affects your accuracy & damage with ranged weapons and melee
   (+2).
   Fly:       It grants you flight.
 q - a +0 helmet (worn)
 r - a +0 chain mail (worn)
 s - the +5 ring mail "Riggesmu" {-Tele +Inv rElec Dex+3}
   (You found it on level 5 of the Dungeon)

   Dex:       It affects your dexterity (+3).
   rElec:     It insulates you from electricity.
   +Inv:      It lets you turn invisible.
   -Tele:     It prevents most forms of teleportation.
 v - a +0 pair of boots
Jewellery
 u - an amulet of regeneration (around neck)
Scrolls
 l - a scroll of immolation
Potions
 d - a potion of brilliance
 g - a potion of flight
 k - a potion of magic {unknown}
 p - a potion of berserk rage {unknown}
 t - a potion of heal wounds


   Skills:
 + Level 4.7 Fighting
 * Level 5.5 Long Blades
 + Level 2.4 Throwing
 + Level 4.8 Armour
 * Level 5.7 Dodging
 - Level 2.0 Stealth
 - Level 4.0 Shields
 * Level 1.2 Invocations


You had 7 spell levels left.
You didn't know any spells.
Your spell library was empty.

Dungeon Overview and Level Annotations

Branches:
Dungeon (7/15) Zot: 2539   Temple (1/1) D:5 Zot: 511

Altars:
Ashenzari
Dithmenos
Elyvilon
Fedhas
Gozag
Hepliaklqana
Kikubaaqudgha
Makhleb
Nemelex Xobeh
Okawaru
Qazlal
Ru
Sif Muna
Trog
Uskayaw
Xom
Yredelemnul
Zin
The Shining One

Annotations:
D:6 Pikel


Innate Abilities, Weirdness & Mutations

You passively map a small area around you.
You are easily found by Zot.
You glow in the dark.
You regain HP and MP as you explore.


Message History

You feel much better. You block Pikel's attack. The orc barely misses you.
Unknown command.
You hit the orc.
The orc is almost dead.
Pikel barely misses you. The orc closely misses you.
You barely miss the orc.
The orc is almost dead.
Pikel hits you with a +2 whip of electrocution.
You block the orc's attack.
You hit the orc.
You kill the orc!
Okawaru accepts your kill. Pikel closely misses you.
Pikel says, "Hell isn't that bad."
You block Pikel's attack.
You barely miss Pikel.
Pikel is heavily wounded.
You block Pikel's attack.
You closely miss Pikel.
Pikel is heavily wounded.
Pikel hits you with a +2 whip of electrocution!
* * * LOW HITPOINT WARNING * * *
You are electrocuted!
* * * LOW HITPOINT WARNING * * *
You slash Pikel!
Pikel is severely wounded.
You hear an angry hiss.
You block Pikel's attack.
Okay, then.
You hit Pikel.
Pikel is almost dead.
Pikel hits you but does no damage.
You hit Pikel but do no damage.
Pikel is almost dead.
Pikel hits you with a +2 whip of electrocution!
* * * LOW HITPOINT WARNING * * *
You hit Pikel but do no damage.
Pikel is almost dead.
Pikel hits you but does no damage.
You are electrocuted!
You die...

#.# ###...#
#.# #..###
#.# * #..##
###.# , ,
...# #...#
#### #...# ,
#...# * , * *
#..5####.####
#..5K@)......
#.55####.###.
#.... ,
#..... , ,
#..5.#* *
###.5#! * *
#K.#[ * , #.
* *


You could see Pikel and 4 lemures.

Vanquished Creatures
  2 ogres (D:4)
  A centaur (D:5)
  A phantom (D:4)
  A necrophage (D:5)
  A wight (D:5)
  A scorpion (D:4)
  A killer bee (D:6)
  3 hounds
  An orc priest (D:5)
  3 iguanas
  Robin (D:3)
  4 adders
  2 shadow imps
  A white imp (D:5)
  3 dart slugs
  7 orcs
  4 ball pythons
  3 endoplasms
  3 giant cockroaches
  7 goblins
  6 hobgoblins
  2 quokkas
  A frilled lizard (D:2)
  2 kobolds
61 creatures vanquished.

Notes
Turn   | Place    | Note
-------+----------+-------------------------------------------
     0 | D:1      | tilp the Meteoran Fighter began the quest for the Orb.
     0 | D:1      | Reached XP level 1. HP: 19/19 MP: 2/2
   146 | D:1      | Reached XP level 2. HP: 20/26 MP: 3/3
   195 | D:1      | Reached skill level 1 in Dodging
   210 | D:1      | Found a faded altar of an unknown god.
   325 | D:2      | Identified the -2 pair of boots "Fust" {Fly Str+2 Slay+2}
   397 | D:3      | Reached XP level 3. HP: 31/31 MP: 4/4
   449 | D:3      | Noticed Robin
   463 | D:3      | Killed Robin
   473 | D:3      | Reached XP level 4. HP: 26/39 MP: 5/5
   593 | D:4      | Found an ancient bone altar of Kikubaaqudgha.
   631 | D:5      | Entered Level 5 of the Dungeon
   693 | D:4      | Noticed an ogre
   699 | D:4      | Killed an ogre
   700 | D:4      | Reached skill level 1 in Stealth
   700 | D:4      | Reached XP level 5. HP: 46/46 MP: 6/6
   727 | D:4      | Reached XP level 6. HP: 48/52 MP: 7/7
   904 | D:5      | Identified the +5 ring mail "Riggesmu" {-Tele +Inv rElec
                  | Dex+3}
   975 | D:4      | Reached XP level 7. HP: 32/59 MP: 8/8
   995 | D:4      | Found a burning altar of Makhleb.
  1126 | D:4      | Reached skill level 1 in Throwing
  1221 | D:5      | Reached skill level 5 in Long Blades
  1221 | D:5      | Reached skill level 5 in Dodging
  1313 | D:5      | Reached XP level 8. HP: 66/67 MP: 9/9
  1359 | D:5      | Found a glowing silver altar of Zin.
  1415 | D:5      | Found a staircase to the Ecumenical Temple.
  1421 | Temple   | Entered the Ecumenical Temple
  1497 | Temple   | Became a worshipper of Warmaster Okawaru
  1584 | D:6      | Reached skill level 1 in Invocations
  1651 | D:6      | Noticed Pikel
  1682 | D:6      | Slain by Pikel

Illustrated notes

Levels and vault maps discovered:
D:1:      dpeg_arrival_circle_labyrinth_a, layout_basic,
          hellmonk_ecumenical_altar_leap_of_faith
D:2:      layout_loops_ring, serial_bayou_lagoon_b
D:3:      minmay_roachtagon, layout_loops_ring, kennysheep_nondescript,
          minmay_goblin_outpost, uniq_crazy_yiuf_cottage, uniq_pargi, uniq_robin
D:4:      minmay_chambers_of_twos, layout_basic,
          mainiacjoe_overflow_catch_the_wave
D:5:      layout_cave_pools, kennysheep_mini, fiery_altar_vehumet,
          minmay_temple_entry_enclosed_plants
D:6:      layout_rooms, mainiacjoe_overflow_small_starburst,
          corexii_corridor_pit, due_unseen_surprise, uniq_pikel, uniq_edmund,
          uniq_eustachio
D:7:      layout_layer_cave
Temple:   minmay_temple_bridge_d

Skill      XL: |  1  2  3  4  5  6  7  8 |
---------------+-------------------------+-----
Dodging        | 1 3 4 5 |  5.7
Long Blades    | 3 4 5 |  5.5
Armour         | 4 |  4.8
Shields        | 4 |  4.0
Fighting       | 4 |  4.7
Stealth        | 1 2 |  2.0
Throwing       | 1 2 |  2.4
Invocations    | 1 |  1.2

Action                   |  1- 3 |  4- 6 |  7- 9 || total
-------------------------+-------+-------+-------++-------
Melee: Long sword        |    54 |    55 |   150 ||   259
Throw: Boomerang         |     2 |     3 |       ||     5
  Use: Potion            |     1 |       |     2 ||     3
       Scroll            |       |       |     8 ||     8
Armor: Scale mail        |    31 |     6 |       ||    37
       Chain mail        |       |    23 |   112 ||   135
Dodge: Dodged            |    25 |    23 |    79 ||   127
Block: Buckler           |    11 |    11 |    66 ||    88

Table legend: (Time is in decaauts)
 A = Elapsed time spent in this place.
 B = Non-inter-level travel time spent in this place.
 C = Inter-level travel time spent in this place.
 D = Time resting spent in this place.
 E = Time spent auto-exploring this place.
 F = Levels seen in this place.
 G = Mean time per level.
                   A        B        C        D        E       F      G
               +--------+--------+--------+--------+--------+-----+--------+
         Total |   1748 |   1524 |    224 |      0 |      0 |   8 |  218.5 |
       Dungeon |   1659 |   1500 |    159 |      0 |      0 |   7 |  237.0 |
        Temple |     88 |     23 |     65 |      0 |      0 |   1 |   88.0 |
               +--------+--------+--------+--------+--------+-----+--------+

Top non-repeatable levels by time:
     D:4: 654 daAuts
     D:5: 327 daAuts
     D:1: 256 daAuts
     D:3: 152 daAuts
     D:2: 137 daAuts
     D:6: 91 daAuts
  Temple: 88 daAuts
     D:7: 40 daAuts
